Cogmind - Beta 15 @@@ ROGUE MODE // 2025.09.05 @ 22:36:35 Player: kiiro Result: Self-destructed Performance ------------- Evolutions (1) 500 Regions Visited (2) 400 Robots Destroyed (17) 85 Value Destroyed (412) 412 Prototype IDs (0) 0 Alien Tech Used (0) 0 Bonus (0) 0 TOTAL SCORE: 1397 Bonus ------- None Cogmind --------- Core Integrity 289/400 Matter 274/300 Energy 250/250 System Corruption 0% Temperature Cool (0) Movement Core (150) Ox2 Location -9/Materials Parts ------- > --- POWER (1) -------- Ion Engine > --- PROPULSION (3) --- (None) > --- UTILITY (3) ------ (None) > --- WEAPON (2) ------- Assault Rifle > --- INVENTORY (5) ---- Ion Engine Light Ion Engine Flight Unit Structural Scanner Signal Interpreter Peak State ------------ > --- POWER ------------ Light Ion Engine > --- PROPULSION ------- Compact Wheel Compact Wheel > --- UTILITY ---------- Small Storage Unit > --- WEAPON ----------- Assault Rifle Assault Rifle > --- INVENTORY -------- Ion Engine [Rating: 6] Favorites ----------- Power Light Ion Engine Engine Light Ion Engine Propulsion Compact Wheel Wheel Compact Wheel Flight Unit Flight Unit Utility Small Storage Unit Storage Small Storage Unit Weapon Grenade Launcher Ballistic Gun Assault Rifle Launcher Grenade Launcher Build | -11 -10 -9 ------- Run | Yrd Mat Mat Slots Evolved 2 | . . 2 Power . | . . . Propulsion 1 | . . 1 Utility 1 | . . 1 Weapon . | . . . Parts Attached 12 | 6 4 2 Power 4 | 1 1 2 Engine 4 | 1 1 2 Core . | . . . Reactor . | . . . Propulsion 4 | 2 2 . Treads . | . . . Leg . | . . . Wheel 2 | 2 . . Hover . | . . . Flight 2 | . 2 . Utility 1 | 1 . . Device . | . . . Storage 1 | 1 . . Processor . | . . . Hackware . | . . . Protection . | . . . Artifact . | . . . Weapon 3 | 2 1 . Energy Gun . | . . . Energy Cannon . | . . . Ballistic Gun 2 | 2 . . Ballistic Cannon . | . . . Launcher 1 | . 1 . Special Weapon . | . . . Impact Weapon . | . . . Slashing Weapon . | . . . Piercing Weapon . | . . . Special Melee Weapon . | . . . Unidentified Prototypes . | . . . Parts Lost 4 | . 1 3 Power . | . . . Propulsion 3 | . 1 2 Utility . | . . . Weapon 1 | . . 1 Highest Loss Streak 1 | . 1 1 To Critical Strikes . | . . . Average Backups 3 | . 3 4 Power 1 | . 1 1 Propulsion . | . . 1 Utility 1 | . . 2 Weapon 1 | . 1 . Tool/Special . | . . . Unused Backups 2 | . . 2 Power . | . . . Propulsion . | . . . Utility 2 | . . 2 Weapon . | . . . Tool/Special . | . . . Average Slot Usage (%) 49 | . 61 36 Engine 12 | . 14 11 Wheel 8 | . 11 6 Flight 10 | . 12 8 Storage 4 | . 8 . Ballistic Gun 1 | . 1 2 Launcher 10 | . 12 8 Peak Build Rating 6 | 6 6 4 Average Rating 3 | 4 4 3 On Entrance 3 | . 6 4 Naked Turns . | . . . Heaviest Build 13 | 12 13 8 Greatest Support 32 | 32 32 16 Greatest Overweight (x) 3 | . 3 2 Average Overweight (x) . | . . . Largest Inventory Capacity 8 | 8 8 5 Average Capacity 6 | 7 6 5 Most Carried 5 | 1 5 5 Average Carried 3 | . 3 4 Final Capacity 8 | 8 5 5 Final Carried 5 | 1 5 5 Class Distribution -------------------- 100% | Mutant Dominant Class ---------------- Mutant | -10/Materials Mutant | -9/Materials Resources | -11 -10 -9 ----------- Run | Yrd Mat Mat Matter Collected 508 | 212 31 265 Remotely . | . . . Salvage Created 415 | . 83 332 Parts 23 | . 7 16 Haulers Intercepted . | . . . Recyclers Shooed 3 | . 2 1 Parts Field Recycled . | . . . Retrieved Matter . | . . . Parts Self-Destructed . | . . . Prevented . | . . . Kills | -11 -10 -9 ------- Run | Yrd Mat Mat Combat Hostiles Destroyed 11 | . 3 8 Guns 2 | . . 2 AOE 9 | . 3 6 Classes Destroyed 7 | . 3 4 Worker 1 | . 1 . Builder 1 | . . 1 Recycler 3 | . 1 2 Watcher 1 | . . 1 Swarmer 3 | . 3 . Grunt 7 | . . 7 Sentry 1 | . . 1 Best Kill Streak 9 | . 4 9 Combat Bots Only 4 | . 3 4 Max Kills in Single Turn 4 | . 4 2 Gunslinging . | . . . Exploded 3 | . 3 2 Melee . | . . . Uniques/NPCs Destroyed . | . . . Combat | -11 -10 -9 -------- Run | Yrd Mat Mat Hostile Shots Fired 46 | . 6 40 Missed 15 | . 2 13 Hits 31 | . 4 27 Projectile 31 | . 4 27 Critical Strikes 2 | . . 2 Damage Taken 470 | . 89 381 Core 141 | . 30 111 Absorbed by Shields . | . . . Regen/Repaired (Parts) 15 | . 15 . Core Remaining (%) 94 | 100 88 . Volleys Fired 27 | . 3 24 Largest 1 | . 1 1 Hottest 30 | . 30 30 Shots Fired 27 | . 3 24 Gun 8 | . . 8 Cannon . | . . . Launcher 19 | . 3 16 Special . | . . . Kinetic 8 | . . 8 Thermal . | . . . Explosive 19 | . 3 16 Electromagnetic . | . . . Robot Hit Streak 16 | . 1 16 Robot Miss Streak 3 | . 2 3 Penetration Max . | . . . Secondary Targets . | . . . Shots Hit Robots 21 | . 1 20 Core Hits 32 | . 6 26 Critical Kills . | . . . Critical Parts Destroyed . | . . . Critical Strikes . | . . . Melee Attacks . | . . . Impact . | . . . Slashing . | . . . Piercing . | . . . Sneak Attacks . | . . . Combat Hostiles . | . . . Follow-up Attacks . | . . . Damage Inflicted 1070 | . 221 849 Guns 99 | . . 99 Cannons . | . . . Explosions 968 | . 218 750 Melee . | . . . Ramming 3 | . 3 . Kinetic 99 | . . 99 Thermal . | . . . Explosive 968 | . 218 750 Electromagnetic . | . . . Impact . | . . . Slashing . | . . . Piercing . | . . . Highest Corruption 2 | . 2 . Average Corruption 2 | . 2 . Corruption Purged . | . . . Corruption Blocked . | . . . Overload Shots . | . . . Overflow Damage 34 | . 23 11 Projectiles . | . . . Explosions 34 | . 23 11 Melee . | . . . Knockbacks . | . . . Impact . | . . . Kinetic . | . . . Secondary . | . . . Self-Inflicted Damage 113 | . 57 56 Shots 7 | . 2 5 Rammed 3 | . 3 . Targets Rammed 3 | . 3 . Kicked . | . . . Crushed . | . . . Highest Temperature 21 | . . 21 Average Temperature 6 | . . 6 Received Heat Transfer 195 | . . 195 Siege Activations . | . . . Martial Activations . | . . . Shielding Activations . | . . . Robots Disrupted . | . . . Combat Hostiles . | . . . Robots Corrupted . | . . . Combat Hostiles . | . . . Parts Fried . | . . . Impact Corruptions . | . . . Robots Melted . | . . . Combat Hostiles . | . . . Parts Melted . | . . . Heat Transferred . | . . . Parts Sabotaged . | . . . Parts Stolen . | . . . Parts Stripped . | . . . Power Chain Reactions . | . . . Alert | -11 -10 -9 ------- Run | Yrd Mat Mat Maximum Alert Level 1 | . . 1 Low Security (%) 66 | 100 100 23 Level 1 33 | . . 76 Level 2 . | . . . Level 3 . | . . . Level 4 . | . . . Level 5 . | . . . High Security . | . . . Max Security . | . . . Peak Influence 279 | . 102 279 Initial 26 | . . 26 Average 111 | . 55 197 Influence Increases 503 | . 144 359 Destroy 0b10 Robot/C 220 | . 60 160 Destroy 0b10 Robot/NC 30 | . 10 20 Destroy Leader 52 | . 10 42 Successful Hack 36 | . 7 29 Disable Machine 30 | . 30 . Destroy Structure 75 | . 12 63 Partial Spotted 15 | . 15 . Lose Combat Pursuer 45 | . . 45 Influence Decreases 248 | . 80 168 Entered New Map 38 | . . 38 Time Decay 170 | . 70 100 Lost Part 40 | . 10 30 Squads Dispatched . | . . . Investigation . | . . . Extermination . | . . . Reinforcement . | . . . Assault . | . . . Garrison . | . . . Intercept . | . . . Searches Triggered . | . . . Construction Impeded . | . . . Haulers Reinforced . | . . . Active Scanning Responses . | . . . Cargo Convoy Interrupts . | . . . Stealth | -11 -10 -9 --------- Run | Yrd Mat Mat Distress Signals 1 | . . 1 Communications Jammed . | . . . Distress Signals . | . . . Times Spotted 21 | . 5 16 Peak Tracking Total 6 | . 3 6 Tactical Retreats 1 | . . 1 Traps | -11 -10 -9 ------- Run | Yrd Mat Mat Traps Triggered 1 | . 1 . Indirectly . | . . . Trap Hack Attempts . | . . . Triggered . | . . . Disarmed . | . . . Reprogrammed . | . . . Reused . | . . . Traps Extracted . | . . . Installed . | . . . Triggered . | . . . Machines | -11 -10 -9 ---------- Run | Yrd Mat Mat Machines Disabled 2 | . 2 . Max in Single Turn 1 | . 1 . Machines Repaired . | . . . Machines Dismantled . | . . . Machines Sabotaged . | . . . Overloaded Fab Kills . | . . . Hacking | -11 -10 -9 --------- Run | Yrd Mat Mat Machines Accessed 7 | . 3 4 Terminals 6 | . 2 4 Fabricators . | . . . Repair Stations 1 | . 1 . Recycling Units . | . . . Scanalyzers . | . . . Garrison Access . | . . . Total Hacks 17 | . 8 9 Successful 11 | . 5 6 Failed 6 | . 3 3 Catastrophic . | . . . Database Lockouts . | . . . Manual 3 | . . 3 Terminals 13 | . 4 9 Fabricators . | . . . Repair Stations 4 | . 4 . Recycling Units . | . . . Scanalyzers . | . . . Garrison Access . | . . . Terminal Hacks 8 | . 2 6 Record 1 | . 1 . Part Schematic 1 | . . 1 Emergency Access Points 1 | . . 1 Scanalyzer Index 1 | . . 1 Locate Traps 1 | . . 1 Patrol Status 1 | . 1 . Recall Reinforcements 1 | . . 1 Zone Layout 1 | . . 1 Fabricator Hacks . | . . . Repair Station Hacks 3 | . 3 . Scan Component 2 | . 2 . Repair 1 | . 1 . Recycling Unit Hacks . | . . . Scanalyzer . | . . . Garrison Access Hacks . | . . . Unauthorized Hacks . | . . . Terminals . | . . . Fabricators . | . . . Repair Stations . | . . . Recycling Units . | . . . Scanalyzers . | . . . Garrison Access . | . . . Data Cores Recovered . | . . . Used . | . . . Hacking Detections 7 | . 3 4 Full Trace Events . | . . . Feedback Events . | . . . Feedback Blocked . | . . . Robot Schematics Acquired . | . . . Robots Built . | . . . Authchips . | . . . Time . | . . . Total Robot Build Rating . | . . . Part Schematics Acquired 1 | . . 1 Parts Built . | . . . Authchips . | . . . Time . | . . . Total Part Build Rating . | . . . Parts Repaired 1 | . 1 . Time 26 | . 26 . Parts Recycled . | . . . Recycled Matter . | . . . Retrieved Matter . | . . . Retrieved Components . | . . . Parts Scanalyzed . | . . . Part Schematics Acquired . | . . . Parts Damaged . | . . . Bothacking | -11 -10 -9 ------------ Run | Yrd Mat Mat Used RIF Installer . | . . . Robots Hacked . | . . . Non-combat . | . . . Combat . | . . . Robot Hacks Applied . | . . . Relay Couplers Released . | . . . Fabnet Peak Effective % . | . . . Robots Rewired . | . . . Allies Hacked . | . . . Hacks Repelled . | . . . Allies | -11 -10 -9 -------- Run | Yrd Mat Mat Total Allies . | . . . Largest Group . | . . . Highest-Rated Group . | . . . Highest-Rated Ally . | . . . Total Orders . | . . . Ally Attacks . | . . . Total Damage . | . . . Kills . | . . . Allies Corrupted . | . . . Allies Melted . | . . . Intel | -11 -10 -9 ------- Run | Yrd Mat Mat Active Infowar (turns) . | . . . Robot Analysis Total . | . . . Derelict Logs Recovered . | . . . Drone Launches . | . . . Drone Recoveries . | . . . Exploration | -11 -10 -9 ------------- Run | Yrd Mat Mat Turns Passed 456 | 51 204 201 Spaces Moved 442 | 46 233 163 Core 12 | 8 3 1 Treads . | . . . Legs . | . . . Wheels 199 | 38 71 90 Hover . | . . . Flight 231 | . 159 72 Fastest Speed 37 | 50 37 37 Average Speed 74 | 91 65 82 Slowest Speed 200 | 100 200 150 Overloaded Moves . | . . . Propulsion Burnouts . | . . . Robots Hopped . | . . . Potential Cave-ins . | . . . Cave-ins Triggered . | . . . Exploration Rate (%) 24 | 4 42 27 Regions Visited 2 Branch Regions . Pre-discovered Areas . | . . . Known Exits Taken . | . . . Unknown Exits Taken 2 | 1 1 . Scrap Searched . | . . . Spaces Dug . | . . . Terrain Destroyed 80 | . 9 71 Melee . | . . . Projectile . | . . . AOE 80 | . 9 71 Terrain Rammed . | . . . Walls Destroyed . | . . . Machines Disabled . | . . . Actions | -11 -10 -9 --------- Run | Yrd Mat Mat Total 536 | 52 279 205 Wait 39 | . 26 13 Move 440 | 45 232 163 Hop . | . . . Pick Up 4 | 1 3 . Fast Attach 10 | 6 4 . Attach 2 | . . 2 Detach 5 | . 4 1 Swap 3 | . 1 2 Drop 3 | . 3 . Fire 27 | . 3 24 Melee . | . . . Ram 3 | . 3 . Kick . | . . . Crush . | . . . Escape Stasis . | . . . Rewire . | . . . Trap . | . . . Miscellaneous . | . . . Route ------- -11/Scrapyard -10/Materials (discovered 2 exits: *Mat / [*Min]) -9/Materials (discovered 3 exits: [*Min] / [*Sto x2]) History --------- Turn | Location | Event 21 | -11/Scrapyard | Discovered new exit (range 16) 52 | -11/Scrapyard | Entered Materials 177 | -10/Materials | Discovered new exit (range 6) 200 | -10/Materials | Discovered new exit (range 5) 248 | -10/Materials | Repaired Flight Unit 256 | -10/Materials | Entered another Materials area 256 | -9/Materials | Evolved 2 slots: Propulsion x1, Utility x1 259 | -9/Materials | Discovered new exit (range 15) 307 | -9/Materials | Build established: Mutant 424 | -9/Materials | Discovered new exit (range 8) 443 | -9/Materials | Discovered new exit (range 17) 457 | -9/Materials | Self-destructed Last Messages --------------- 00425_ U-05 Engineer lays Concrete. 00428_ Acquired 18 matter. 00428_ U-05 Engineer lays Concrete. 00431_ U-05 Engineer builds a Wall. 00431_ HV Slug penetrates Wall. 00435_ U-05 Engineer lays Concrete. 00438_ U-05 Engineer builds a Wall. 00439_ HV Slug penetrates W-16 Scout. 00439_ W-16 Scout destroyed. 00440_ Connecting with Terminal... 00442_ U-05 Engineer lays Concrete. 00443_ Connecting with Terminal... 00443_ EXIT=FOUND >>Layout(Zone) Retrieving Zone 2P layout... Downloaded map data. 00447_ K-01 Serf collects debris. 00454_ S-10 Pest destroyed. 00455_ Com. Wheel destroyed. 00456_ K-01 Serf collects debris. Map ----- +----------------------------------------------------+ | ???????????????? ?# # ####== ###### | | ??????????????? ?# """ # [ | | ??????????????? ?# """ + T | | ???????????????# ?# """ # | | ????????????#### ## # ### ## #* | | ????????????#""" # """ # #?######### #* | | ????????????#" # """ #### ####??# #* | | ????????????#"| # """ #??# #?????# # | | ????????????#"" < # #??# #?????# # | | ????????????#"| ###+####??# #?????# / | | ????????????#" ?# #????#+#?????# # | | ????????????#""" ## #????????????# """"" ## | | ??????????????## ## ##???????????# """"" #? | | ???? ##+####### ! ## """ #????# """"" #? | | ??? % ## """ #????###+#######? | | ???T ## #??????# ???????? | | ??? [ ## """ #??????# ???????? | | ??????########## =# ## """ #??????# ???????? | | ??????########## ## """ #??????? ???????? | | ??????## [ + ######### #???????????????? | | ?????? + # # ??????# #???????????????? | | ??????## # #???????# #???????????????? | | ???????######### #???????# ####????????????? | | ??????### # ############+## #?????????? | | ?????? # + u #?????????? | | ?????? # # @ w < ????????? | | ?????? # + ^ #?????????? | | ?????? # ## ^ " ##+####### #?????????? | | ?????? # ## Tks# #### ????????????? | | ?????? ####+###T "s # #??# ????????????? | | ?????? #### #### s% # #??# ????????????? | | ?????? + [ # #??# ????????????? | | ??????###### #####+###/###?######### ????????????? | | ???????????# #???# ## + ????????????? | | ???????????# #???# ## # ????????????? | | ???????????# #???# ## # ????????????? | | ???????????# #???# ## + ????????????? | | ???????????# #???# ## # ????????????? | | ???????????# #???# ## # ????????????? | | ???????????# #???# ######### ????????????? | | ???????#####+##### #???????# ????????????? | | ???????# ##+############????# ????????????? | | ???????# """"" ## ## #????# ????????????? | | ???????# """"" ## ## ######+????????????? | | ?????????????????????????????????????????????????? | | ?????????????????????????????????????????????????? | | ?????????????????????????????????????????????????? | | ?????????????????????????????????????????????????? | | ?????????????????????????????????????????????????? | | ?????????????????????????????????????????????????? | +----------------------------------------------------+ Best States ------------- Heat Dissipation 28 Energy Generation 10 Energy Capacity 250 Matter Stores 279 Matter Capacity 300 Sight Range 16 Terrain Scan Density 10 Evasion (%) 62 Item Schematics ----------------- Hover Unit | -9/Materials | Hacked Robot Schematics ------------------ None Fabricated ------------ Nothing Repaired ---------- Flight Unit | 25% | -10/Materials Alien Tech Used ----------------- None Achievements -------------- None Challenges ------------ None Game ------ Seed PlexusLongswordDriver Manual? 0 Play Time 00:12:49 Cumulative 15.0 hours Start 2025.09.05 @ 22:25:25 End 2025.09.05 @ 22:36:35 Sessions 1 Manual Loads 0 Difficulty Rogue Special Mode None Game No. 13 Rogue 13 Adventurer 0 Explorer 0 Win Type - Total 0 Types 0/0/0/0/0/0/0/0/0/0 Lore% 3 Gallery% 13 Achievement% 14 Wizard Run 0 Options --------- Layout 0 ASCII 1 Keyboard 1 Movement Vi Keybinds 0 Fullscreen 2 Font 24/Proggy Map View 76x50 Zoom Use 0% Tactical HUD 1 Map Filters NONE Filters NONE Steam 1 RUN: 6f79ab8a-a5bf-4f9f-af29-430082406d42